 Dungeon Sprint DCSS version 0.27-a0-1281-ge233d83751 (webtiles) character file.

Game seed: 5721403000486380876

534 mhtbhm the Grappler (level 6, -3/51 HPs)
             Began as a Demigod Transmuter on June 13, 2021.
             Slain by a centaur warrior (4 damage)
             ... in the Dungeon (Sprint IX: "|||||||||||||||||||||||||||||").
             The game lasted 00:01:28 (667 turns).

mhtbhm the Grappler (Demigod Transmuter)             Turns: 667, Time: 00:01:29

Health: -3/51      AC:  4    Str: 22    XL:     6   Next: 74%
Magic:  13/17      EV: 23    Int: 15    God:
Gold:   0          SH:  0    Dex: 19    Spells: 6/16 levels left

rFire    . . .     SeeInvis .     - Unarmed
rCold    . . .     Faith    .   (shield currently unavailable)
rNeg     . . .     Spirit   .   (armour currently unavailable)
rPois    x         Reflect  .   (helmet currently unavailable)
rElec    .         Harm     .   (cloak currently unavailable)
rCorr    .         Rampage  .   (gloves currently unavailable)
Will     .....     NoTele   +   (boots currently unavailable)
Stlth    ++........             (no amulet)
HPRegen  0.17/turn              k - +2 ring of protection
MPRegen  0.15/turn              l - +3 ring of strength

@: spider-form, wereblooded
A: venomous fangs, tiny, high mp 1, forlorn
a: End Transformation


You were in the Dungeon.
You were a venomous arachnid creature.
You visited 1 branch

Inventory:

Armour
 a - a +0 robe (melded)
 j - a +0 cloak (melded)
Jewellery
 k - a +2 ring of protection (left front leg)
 l - a +3 ring of strength (right front leg)
Wands
 i - a wand of acid (10)
Scrolls
 g - 2 scrolls of amnesia
 h - 2 scrolls of blinking
Potions
 b - a potion of invisibility
 c - 5 potions of curing
 d - 2 potions of heal wounds
 e - a potion of haste
 f - 4 potions of magic


   Skills:
 + Level 3.0 Fighting
 + Level 5.7 Dodging
 + Level 10.0 Unarmed Combat
 + Level 5.5 Spellcasting
 + Level 5.2 Transmutations
 + Level 0.7 Poison Magic


You had 6 spell levels left.
You knew the following spells:

 Your Spells              Type           Power      Damage    Failure   Level
a - Beastly Appendage     Tmut           38%        N/A       8%          1
b - Wereblood             Tmut           19%        N/A       10%         2
c - Spider Form           Tmut/Pois      6%         N/A       32%         3
d - Ice Form              Ice/Tmut       12%        N/A       67%         4

Your spell library contained the following spells:

 Spells                   Type           Power      Damage    Failure   Level


Dungeon Overview and Level Annotations

Branches:
Dungeon (1/1)


Innate Abilities, Weirdness & Mutations

You are a venomous arachnid creature.
You have poisonous fangs.
You are tiny and dextrous.
Your spellcasting is less reliable in this form.
Your armour is entirely melded.
You are incapable of wielding weapons or throwing items.
Your attributes grow dramatically as you level up.
You have an increased reservoir of magic. (+10% MP)
You shall have no god before yourself.


Message History

Your +0 cloak melds into your body.
Your +0 robe melds into your body.
Casting: Spider Form (dangerous; 32% risk of failure)
Confirm with . or Enter, or press ? or * to list all spells.
Your blood is infused with primal strength.
You open the door.
A komodo dragon, an acid dragon, a gargoyle, a centaur warrior, a cyclops and a tengu warrior come into view.
The tengu warrior is wielding a +3 glaive of protection.
The acid dragon roars!
The centaur warrior wields a +0 shortbow.
The centaur warrior shoots an arrow.
The arrow hits you!
The centaur warrior shoots an arrow.
The arrow misses you.
The tengu warrior shouts!
The centaur warrior unwields a +0 shortbow.
The centaur warrior hits you!
The centaur warrior completely misses you.
The tengu warrior misses you.
There is an open door here.
Unknown command.
You barely miss the centaur warrior. The centaur warrior misses you.
The centaur warrior kicks you but does no damage.
The tengu warrior hits you from afar with a +3 glaive of protection!
* * * LOW HITPOINT WARNING * * *
You feel much better. The centaur warrior hits you!
The centaur warrior closely misses you. The tengu warrior closely misses you.
The centaur warrior hits you. The centaur warrior barely misses you.
You bite the centaur warrior!
The centaur warrior is moderately wounded.
The centaur warrior hits you!
* * * LOW HITPOINT WARNING * * *
The centaur warrior completely misses you.
The tengu warrior barely misses you.
You completely miss the centaur warrior.
The centaur warrior is moderately wounded.
The centaur warrior hits you!
* * * LOW HITPOINT WARNING * * *
The centaur warrior misses you.
You hit the centaur warrior.
The centaur warrior is moderately wounded.
The centaur warrior hits you.
You die...

▓+▓
▓9▓
▓C▓
▓l▓
▓D▓
▓Q▓
▓c▓
▓s▓
▓.▓
▓.▓
▓.▓
▓.▓
▓.▓
▓.▓
▓)▓
▓.▓


You could see a tengu warrior, a centaur warrior, a cyclops, a komodo dragon, an
acid dragon and a gargoyle.

Vanquished Creatures
  2 yaks (D)
  An ogre (D)
  A centaur (D)
  A jelly (D)
  2 orc wizards (D)
  A giant cockroach (D)
  2 quokkas (D)
  2 ball python zombies (D)
  A bat (D)
  A quokka zombie (D)
  2 rats (D)
16 creatures vanquished.

Notes
Turn   | Place    | Note
-------+----------+-------------------------------------------
     0 | D        | mhtbhm the Demigod Transmuter began the quest for the Orb.
     0 | D        | Reached XP level 1. HP: 15/15 MP: 5/5
    20 | D        | Reached skill level 3 in Unarmed Combat
   246 | D        | Noticed an orc wizard
   246 | D        | Noticed an ogre
   246 | D        | Noticed a jelly
   253 | D        | Killed a jelly
   254 | D        | Reached skill level 1 in Fighting
   254 | D        | Reached skill level 4 in Unarmed Combat
   254 | D        | Reached XP level 2. HP: 23/23 MP: 5/8
   254 | D        | Reached XP level 3. HP: 28/28 MP: 5/9
   256 | D        | Killed an ogre
   257 | D        | Reached skill level 6 in Unarmed Combat
   257 | D        | Reached XP level 4. HP: 35/36 MP: 5/11
   261 | D        | Reached skill level 7 in Unarmed Combat
   464 | D        | Learned a level 2 spell: Wereblood
   468 | D        | Learned a level 3 spell: Spider Form
   473 | D        | Learned a level 4 spell: Ice Form
   514 | D        | Noticed a yak
   514 | D        | Noticed a centaur
   514 | D        | Noticed a yak
   517 | D        | Reached XP level 5. HP: 41/41 MP: 7/13
   523 | D        | Killed a yak
   524 | D        | Reached skill level 5 in Dodging
   524 | D        | Reached skill level 8 in Unarmed Combat
   526 | D        | Killed a centaur
   527 | D        | Reached skill level 9 in Unarmed Combat
   527 | D        | Reached skill level 5 in Spellcasting
   527 | D        | Reached XP level 6. HP: 43/50 MP: 8/16
   529 | D        | Killed a yak
   530 | D        | Reached skill level 10 in Unarmed Combat
   530 | D        | Reached skill level 5 in Transmutations
   661 | D        | Noticed a gargoyle
   661 | D        | Noticed a cyclops
   661 | D        | Noticed a komodo dragon
   661 | D        | Noticed an acid dragon
   661 | D        | Noticed a tengu warrior
   661 | D        | Noticed a centaur warrior
   666 | D        | HP: 1/51 [centaur warrior (11)]
   667 | D        | Slain by a centaur warrior

Illustrated notes

Levels and vault maps discovered:
D:        linesprint [early_d, line_temple, items_1, d_10, items_2, lair_1,
          lair_end, items_3, orc_1, orc_end, items_4, d_15, swamp_1, shoals_1,
          snake_1, spider_1, d_20, vaults_1, items_5, swamp_end, shoals_end,
          snake_end, spider_end, vaults_end, d_27, items_6, zot_1, zot_end,
          crypt_end, forest_end, elf_end, slime_end, tomb_end, abyss_end,
          pan_hell_end]

Skill      XL: |  1  2  3  4  5  6 |
---------------+-------------------+-----
Dodging        | 3 4 5 |  5.7
Transmutations | 2 3 4 5 |  5.2
Unarmed Combat | 4 6 7 9 10 | 10.0
Fighting       | 1 2 3 |  3.0
Spellcasting   | 2 3 5 |  5.5
Poison Magic   | |  0.7

Action                   |  1- 3 |  4- 6 || total
-------------------------+-------+-------++-------
Melee: Unarmed           |    25 |    25 ||    50
       Kick              |     7 |     2 ||     9
       Headbutt          |     1 |     2 ||     3
       Punch             |       |     1 ||     1
 Cast: Beastly Appendage |     2 |       ||     2
       Wereblood         |       |     3 ||     3
       Spider Form       |       |     2 ||     2
  Use: Potion            |     1 |     1 ||     2
 Stab: Sleeping          |     1 |       ||     1
Armor: Robe              |     3 |       ||     3
       Skin              |       |     2 ||     2
Dodge: Dodged            |    12 |    22 ||    34

Table legend: (Time is in decaauts)
 A = Elapsed time spent in this place.
 B = Non-inter-level travel time spent in this place.
 C = Inter-level travel time spent in this place.
 D = Time resting spent in this place.
 E = Time spent auto-exploring this place.
 F = Levels seen in this place.
 G = Mean time per level.
                   A        B        C        D        E       F      G
               +--------+--------+--------+--------+--------+-----+--------+
         Total |    666 |    666 |      0 |    444 |      3 |   1 |  666.0 |
       Dungeon |    666 |    666 |      0 |    444 |      3 |   1 |  666.0 |
               +--------+--------+--------+--------+--------+-----+--------+

Top non-repeatable levels by time:
       D: 666 daAuts
